 Dungeon Crawl Stone Soup version 0.20-a0-2-g2b0e13a (console) character file.

73100 brucemayne the Severer (level 15, -2/175 HPs)
             Began as a Demonspawn Berserker on Oct 29, 2016.
             Was an Elder of Trog.
             Engulfed by Bai Suzhen's thunder (14 damage)
             ... on level 4 of the Spider Nest.
             The game lasted 01:09:14 (10116 turns).

brucemayne the Severer (Demonspawn Berserker)      Turns: 10116, Time: 01:09:14

Health: -2/175     AC: 30    Str: 30    XL:     15   Next: 3%
Magic:  15/15      EV: 12    Int: 11    God:    Trog [****..]
Gold:   289        SH:  0    Dex: 12    Spells: 0 memorised, 14 levels left

rFire  + . .     SeeInvis +     V - +2 battleaxe (freeze)
rCold  + . .     Gourm    .     b - +3 plate armour of Inference {rF+ Str+6 SInv}
rNeg   . . .     Faith    .     (shield currently unavailable)
rPois  +         Spirit   .     J - +0 hat
rElec  .         Reflect  .     z - +1 cloak
rCorr  .         Harm     .     A - +1 pair of gloves
MR     +++..                    X - +1 pair of boots {run}
Stlth  ..........               d - amulet of regeneration
                                Q - +5 ring of protection
                                e - ring of the Republic {rPois Str-3 SInv Stlth+}

@: berserking (expiring), regenerating, very quick
A: horns 2, yellow scales 1, cold resistance 1, spiny 2, augmentation 1,
freezing cloud immunity
a: Berserk, Trog's Hand, Brothers in Arms, Burn Spellbooks, Renounce Religion


You were on level 4 of the Spider Nest.
You worshipped Trog.
Trog was greatly pleased with you.
You were near starving.

You visited 4 branches of the dungeon, and saw 24 of its levels.
You also visited: Labyrinth and Ice Cave.

You collected 1570 gold pieces.
You spent 1281 gold pieces at shops.

Inventory:

Hand Weapons
 r - a +3 battleaxe of venom
 T - a +5 antimagic broad axe
 V - a +2 battleaxe of freezing (weapon)
Missiles
 a - 4 silver tomahawks (quivered)
 k - 14 poisoned needles
Armour
 b - the +3 plate armour of Inference (worn) {rF+ Str+6 SInv}
   (You bought it in a shop on level 2 of the Orcish Mines)

   It affects your strength (+6).
   It protects you from fire.
   It lets you see invisible.
 t - the +6 scale mail of Furefry {+Fly Str+7 Slay-5, unknown}
   (You found it on level 1 of the Spider Nest)

   It affects your strength (+7).
   It affects your accuracy and damage with ranged weapons and melee attacks
   (-5).
   It lets you fly.
 y - a +0 shield of reflection
 z - a +1 cloak (worn)
 A - a +1 pair of gloves (worn)
 J - a +0 hat (worn)
 X - a +1 pair of boots of running (worn)
Magical Staves
 Z - an uncursed staff of summoning {unknown}
Jewellery
 d - an amulet of regeneration (around neck)
 e - the ring of the Republic (left hand) {rPois Str-3 SInv Stlth+}
   (You bought it in a shop on level 1 of the Orcish Mines)

   [ring of poison resistance]

   It affects your strength (-3).
   It protects you from poison.
   It lets you see invisible.
   It makes you more stealthy.
 w - an uncursed amulet of rage
 D - an uncursed ring of flight
 E - an uncursed ring of protection from magic
 M - an uncursed ring of ice
 O - an uncursed amulet of magic regeneration
 Q - a +5 ring of protection (right hand)
 U - an uncursed ring of protection from fire
Wands
 c - a wand of paralysis (3/24)
 m - a wand of confusion (30/48)
 s - a wand of lightning (9/15)
 v - a wand of disintegration (16/24)
 B - a wand of iceblast (11/15)
 C - a wand of hasting (0/9)
 F - a wand of digging (10/24)
 L - a wand of iceblast (9/15)
Scrolls
 f - 6 scrolls of enchant armour
 g - 6 scrolls of teleportation
 h - 3 scrolls of fog
 u - 5 scrolls of remove curse
 x - a scroll of identify
 I - a scroll of fear
 P - a scroll of brand weapon
 R - a scroll of enchant weapon
Potions
 i - 4 potions of mutation
 l - a potion of berserk rage {unknown}
 n - 4 potions of haste {unknown}
 o - 2 potions of heal wounds
 q - 5 potions of curing
 G - a potion of degeneration {unknown}
 K - a potion of lignification {unknown}
 N - 3 potions of might {unknown}
 S - 2 potions of cancellation {unknown}
 W - a potion of beneficial mutation {unknown}
 Y - 3 potions of ambrosia {unknown}
Comestibles
 p - a meat ration
 H - 2 royal jellies


   Skills:
 - Level 10.6 Fighting
 - Level 20.0 Axes
 + Level 8.2 Armour
 + Level 9.3 Dodging


You had 14 spell levels left.
You didn't know any spells.

Dungeon Overview and Level Annotations

Branches:
Dungeon (12/15)              Lair (6/6) D:8          Spider (4/4) Lair:3
  Slime (0/5) Lair:6          Orc (2/2) D:11            Elf (0/3) Orc:2
 Temple: D:4-7        Swamp: Lair:2-4    Shoals: Lair:2-4

Altars:
Fedhas
Ru
Jiyva

Shops:
D:4 *   D:9 }   D:11 (   Orc:1 %*=!   Orc:2 [?}*

Annotations:
D:4 Grinder
Lair:2 exclusion: downstairs
Lair:4 exclusion: upstairs
Lair:6 1 runed door
Spider:4 Bai Suzhen; p0werm0de's ghost, adept OgWr


Innate Abilities, Weirdness & Mutations

You have a pair of horns on your head.
You are partially covered in yellow scales. (AC +2)
Your flesh is cold resistant. (rC+)
You are mostly covered in sharp spines.
Your magical and physical power is slightly enhanced at high health.
You are immune to freezing clouds.


Message History

Your unstable footing causes you to fumble your attack.
You are standing in a thunderstorm.
You are struck by lightning!
* * * LOW HITPOINT WARNING * * *
You hear an angry hiss.
You hear an angry buzzing noise.
Your unstable footing causes you to fumble your attack.
You are standing in a thunderstorm.
Bai Suzhen breathes water at you. The great wave of water hits you!
* * * LOW HITPOINT WARNING * * *
The wave splashes down.
You hear an angry hiss.
You slash Bai Suzhen! You freeze Bai Suzhen.
Bai Suzhen is severely wounded.
You are standing in a thunderstorm.
You hear a clap of thunder!
You hear an angry hiss.
Unknown command.
You slash Bai Suzhen! You freeze Bai Suzhen.
Bai Suzhen is almost dead.
You are standing in a thunderstorm.
You are struck by lightning!
You die...

.....^....##.(##
....^^s....####
..d..§.^.†.#..#
..######^†....#.. ##
#.††...... #.# ####§..#.....
#≈## ###...d.†#.....
#≈###§..s....#..#..
##@#.#.^...†.####..
##D###^#.....^# . #.##
###.....## #.# ##.....## #.#
#......## ### ### #.#.##
#.......##
###.####.###.#...####......<.#
##^^..#....#^##^.#.#....#.#.##
#....###...#..#..#....#######


You could see Bai Suzhen.

Vanquished Creatures
  Gastronok (D:8)
  Donald (Spider:3)
  Louise (Spider:3)
  An entropy weaver (Spider:3)
  A minotaur (Lab)
  Snorg (Lair:5)
  3 hydras
  5 orc high priests (Orc:2)
  10 orc knights
  The ghost of feelmyfire the Cleaver, a novice MiFi of Okawaru (D:6)
  Pikel (D:8)
  2 hill giants (D:11)
  14 wolf spiders
  A cyclops (Orc:2)
  2 ugly things (IceCv)
  9 orb spiders
  A moth of wrath (Spider:4)
  A manticore (D:11)
  Joseph (D:7)
  A guardian serpent (Lair:6)
  4 elephants (Lair:5)
  Maurice (D:8)
  A torpor snail (Lair:2)
  2 ice statues (IceCv)
  9 black mambas
  16 spiny frogs
  4 demonic crawlers
  A komodo dragon (Lair:4)
  15 jumping spiders
  9 hornets
  The ghost of p0werm0de the Skirmisher, an amateur DsIE (D:5)
  4 trolls
  9 blink frogs (Lair:6)
  3 hippogriffs
  31 redbacks
  3 shadows (Lab)
  6 wyverns
  12 tarantellas
  16 yaks
  3 hungry ghosts
  5 wargs
  A basilisk (Lair:2)
  A steam dragon (D:11)
  9 swamp worms (Spider:4)
  10 water moccasins
  8 porcupines
  8 ice beasts
  A sky beast (D:5)
  43 orc warriors
  A necrophage (D:8)
  2 phantoms
  7 ogres
  6 centaurs
  6 wolves
  8 crocodiles
  6 bullfrogs
  2 scorpions
  A water moccasin skeleton (D:8)
  A killer bee (D:10)
  5 wights (D:7)
  2 howler monkeys
  A lava snake (D:11)
  A crimson imp (D:9)
  A centaur zombie (D:12)
  A bullfrog zombie (D:9)
  A hound (D:7)
  36 orc priests
  A bullfrog skeleton (D:11)
  3 iguanas
  16 orc wizards
  7 worker ants
  A hound zombie (D:6)
  2 hound skeletons
  A howler monkey zombie (D:6)
  A howler monkey skeleton (D:7)
  13 adders
  2 shadow imps
  An ooze (D:3)
  An adder zombie (D:8)
  An adder skeleton (D:4)
  9 worms (Spider:4)
  7 dart slugs (D:5)
  4 leopard geckos
  82 orcs
  3 giant cockroaches
  4 hobgoblins
  7 jackals
  A kobold (D:2)
  2 quokkas
  3 bats (D:1)
  12 frilled lizards (D:1)
  4 goblins
  A leopard gecko skeleton (D:7)
  A quokka skeleton (D:5)
  A fungus (Lair:4)
  3 plants (Spider:4)
576 creatures vanquished.

Vanquished Creatures (others)
  A dart slug (D:8)
  A leopard gecko (D:8)
  7 fungi
  4 plants
13 creatures vanquished.

Grand Total: 589 creatures vanquished

Notes
Turn   | Place    | Note
-------+----------+-------------------------------------------
     0 | D:1      | brucemayne the Demonspawn Berserker began the quest for the Orb.
     0 | D:1      | Reached XP level 1. HP: 18/18 MP: 1/1
    51 | D:1      | Reached skill level 3 in Axes
    98 | D:1      | Gained mutation: You have a pair of small horns on your head. [demonic ancestry]
    98 | D:1      | Reached XP level 2. HP: 6/24 MP: 2/2
   244 | D:1      | Reached ** piety under Trog
   366 | D:3      | Found a faded altar of an unknown god.
   387 | D:3      | Gained mutation: Your flesh is cold resistant. (rC+) [demonic ancestry]
   387 | D:3      | Reached XP level 3. HP: 19/29 MP: 3/3
   436 | D:3      | Found a blossoming altar of Fedhas.
   443 | D:3      | Reached skill level 4 in Axes
   502 | D:4      | Gained mutation: You are partially covered in sharp spines. [demonic ancestry]
   502 | D:4      | Reached XP level 4. HP: 35/35 MP: 4/4
   503 | D:4      | Noticed a centaur
   552 | D:4      | Found Tuyk's Assorted Antiques.
   629 | D:5      | Entered Level 5 of the Dungeon
   640 | D:5      | Reached skill level 5 in Axes
   641 | D:5      | Noticed p0werm0de's ghost (amateur DsIE)
   659 | D:5      | Killed p0werm0de's ghost
   659 | D:5      | Reached skill level 6 in Axes
   659 | D:5      | Reached XP level 5. HP: 41/41 MP: 5/5
   659 | D:5      | Gained mutation: You are partially covered in yellow scales. (AC +2) [demonic ancestry]
   659 | D:5      | Reached XP level 6. HP: 47/47 MP: 6/6
   740 | D:4      | Noticed Grinder
   852 | D:6      | Noticed feelmyfire's ghost (novice MiFi)
   866 | D:6      | Killed feelmyfire's ghost
   866 | D:6      | Reached skill level 8 in Axes
   866 | D:6      | Reached XP level 7. HP: 11/52 MP: 7/7
  1000 | D:5      | Reached skill level 9 in Axes
  1000 | D:5      | Gained mutation: You are immune to freezing clouds. [demonic ancestry]
  1000 | D:5      | Reached XP level 8. HP: 58/58 MP: 8/8
  1105 | D:7      | Noticed a hippogriff
  1118 | D:7      | Killed a hippogriff
  1164 | D:7      | Reached skill level 10 in Axes
  1207 | D:7      | Noticed Joseph
  1220 | D:7      | Killed Joseph
  1328 | D:8      | Reached skill level 11 in Axes
  1328 | D:8      | Reached XP level 9. HP: 54/63 MP: 9/9
  1367 | D:8      | Noticed Pikel
  1389 | D:8      | Killed Pikel
  1412 | D:8      | Noticed Maurice
  1438 | D:8      | Killed Maurice
  1438 | D:8      | Reached skill level 12 in Axes
  1455 | D:8      | Noticed Gastronok
  1467 | D:8      | Killed Gastronok
  1467 | D:8      | Reached skill level 13 in Axes
  1467 | D:8      | Gained mutation: Your magical and physical power is slightly enhanced at high health. [demonic ancestry]
  1467 | D:8      | Reached XP level 10. HP: 70/70 MP: 10/10
  1492 | D:7      | Reached *** piety under Trog
  1774 | D:9      | Found Ugrouj's Gadget Shoppe.
  1842 | D:9      | Found a sacrificial altar of Ru.
  1948 | D:10     | Entered Level 10 of the Dungeon
  2094 | D:10     | Reached skill level 14 in Axes
  2175 | D:11     | Noticed a hill giant
  2249 | D:11     | Noticed a hill giant
  2256 | D:11     | Killed a hill giant
  2319 | D:11     | Found Nimuzoq's Weapon Shop.
  2319 | D:11     | Found a staircase to the Orcish Mines.
  2327 | D:11     | Identified a scroll of acquirement
  2366 | D:11     | Noticed a manticore
  2404 | D:11     | Killed a hill giant
  2459 | D:11     | Found a labyrinth entrance.
  2468 | Lab      | Entered a labyrinth
  2813 | Lab      | Reached skill level 15 in Axes
  2813 | Lab      | Gained mutation: You have a pair of horns on your head. [demonic ancestry]
  2813 | Lab      | Reached XP level 11. HP: 75/75 MP: 11/11
  2860 | Lab      | Noticed a minotaur
  2868 | Lab      | Killed a minotaur
  2894 | Lab      | Identified a +1 pair of boots of running (You found it in a labyrinth)
  2961 | Orc:1    | Entered Level 1 of the Orcish Mines
  2990 | Orc:2    | Entered Level 2 of the Orcish Mines
  3025 | Orc:2    | Found a staircase to the Elven Halls.
  3156 | Orc:1    | Found Canorax's Jewellery Shop.
  3169 | Orc:1    | Found Onuuloil's Food Shop.
  3215 | Orc:1    | Reached **** piety under Trog
  3244 | Orc:1    | Found Lethrykko's Distillery.
  3274 | Orc:1    | Found Wiexus's Assorted Antiques.
  3345 | Orc:2    | Noticed an orc knight
  3371 | Orc:2    | Killed an orc knight
  3543 | Orc:2    | Reached skill level 5 in Fighting
  3686 | Orc:2    | Noticed an orc knight
  3713 | Orc:2    | Killed an orc knight
  3817 | Orc:2    | Noticed an orc high priest
  3832 | Orc:2    | Killed an orc high priest
  3937 | Orc:2    | Noticed an orc knight
  3955 | Orc:2    | Noticed an orc high priest
  3956 | Orc:2    | Killed an orc knight
  3956 | Orc:2    | Reached skill level 16 in Axes
  3959 | Orc:2    | Noticed an orc high priest
  3962 | Orc:2    | Noticed an orc knight
  3962 | Orc:2    | Killed an orc high priest
  3963 | Orc:2    | Noticed an orc knight
  4056 | Orc:2    | Killed an orc knight
  4056 | Orc:2    | Gained mutation: You are mostly covered in sharp spines. [demonic ancestry]
  4056 | Orc:2    | Reached XP level 12. HP: 91/91 MP: 12/12
  4127 | Orc:2    | Killed an orc high priest
  4281 | Orc:2    | Reached skill level 17 in Axes
  4365 | Orc:2    | Noticed an orc high priest
  4373 | Orc:2    | Noticed an orc high priest
  4380 | Orc:2    | Killed an orc high priest
  4385 | Orc:2    | Killed an orc high priest
  4398 | Orc:2    | Found Sapyatt's Assorted Antiques.
  4398 | Orc:2    | Found Loteot's Gadget Shop.
  4399 | Orc:2    | Found Pypahepe's Magic Scroll Boutique.
  4399 | Orc:2    | Found Feoqau's Armour Shop.
  4610 | Orc:2    | Bought the +3 plate armour of Inference {rF+ Str+6 SInv} for 894 gold pieces
  5699 | D:8      | Found a staircase to the Lair.
  5701 | D:8      | Reached ***** piety under Trog
  5703 | D:8      | Reached skill level 18 in Axes
  5725 | Lair:1   | Entered Level 1 of the Lair of Beasts
  5771 | Lair:2   | Reached skill level 10 in Fighting
  5985 | Lair:3   | Noticed a five-headed hydra
  6050 | Lair:2   | Reached XP level 13. HP: 56/104 MP: 13/13
  6408 | Lair:5   | Found a frozen archway.
  6425 | IceCv    | Entered an ice cave
  6616 | Lair:5   | Noticed Snorg
  6626 | Lair:5   | Killed Snorg
  6642 | Lair:6   | Entered Level 6 of the Lair of Beasts
  6790 | Lair:5   | Reached skill level 19 in Axes
  6912 | Lair:6   | Reached skill level 5 in Dodging
  6998 | Lair:6   | Received a gift from Trog
  7321 | Lair:6   | Found a runed door.
  7322 | Lair:6   | Found a viscous altar of Jiyva.
  7323 | Lair:6   | Noticed an acid blob
  7324 | Lair:6   | Noticed an acid blob
  7325 | Lair:6   | Found a staircase to the Slime Pits.
  7664 | Lair:4   | Reached XP level 14. HP: 111/111 MP: 14/14
  7906 | Lair:3   | Found a hole to the Spider Nest.
  7964 | Lair:2   | Received a gift from Trog
  8115 | Orc:1    | Bought the ring of the Republic {rPois Str-3 SInv Stlth+} for 387 gold pieces
  8329 | Spider:1 | Entered Level 1 of the Spider Nest
  8436 | Spider:1 | Got a pitted scale mail
  8449 | Spider:1 | Reached skill level 20 in Axes
  8641 | Spider:3 | Reached skill level 5 in Armour
  8817 | Spider:3 | Noticed an entropy weaver
  8841 | Spider:3 | Killed an entropy weaver
  8892 | Spider:3 | Noticed Donald
  8911 | Spider:3 | Killed Donald
  9017 | Spider:4 | Entered Level 4 of the Spider Nest
  9253 | Spider:4 | Noticed p0werm0de's ghost (adept OgWr)
  9540 | Spider:3 | Noticed Louise
  9567 | Spider:3 | Killed Louise
 10066 | Spider:4 | Reached XP level 15. HP: 103/117 MP: 15/15
 10071 | Spider:4 | Noticed Bai Suzhen
 10116 | Spider:4 | Engulfed by Bai Suzhen's thunder

Vault maps used:
D:1:      dpeg_arrival_houses_and_road, minmay_lizard_pond
D:2:      grunt_temple_overflow_magic_moments, zin_academy, lemuel_round_altar,
          first_bread, grunt_dithmenos_smoke
D:3:      lemuel_crystal_altar, lemuel_crystal_altar, ecumenical_altar_2
D:4:      serial_shops, shop, st_stairs_7, uniq_grinder, uniq_robin,
          uniq_eustachio
D:5:      kennysheep_slugbush, minmay_divided_ellipse
D:6:      elyvilon_altar_5, gup_sewer_entry_spiral
D:7:      nicolae_qazlal_eye_of_the_storm, the_bakery, minmay_misc_feat_rows,
          uniq_joseph
D:8:      grunt_gozag_breadcrumbs, erik_lair_orcish_takeover, uniq_pikel,
          uniq_gastronok, uniq_maurice
D:9:      nicolae_ru_sacrificial_ziggurat, serial_shops, shop, evilmike_minifort
D:10:     nrook_mini_vaults, kennysheep_generic_room_8
D:11:     orc_david_3, lab_entry_generic, nicolae_lava_and_water
D:12:     minmay_st_funbox, uniq_kirke
Lair:1:   lemuel_fruit_tree, grunt_megastairs_5
Lair:2:   swamp_mist_pool, guppyfry_lair_drakes, grunt_megastairs_4
Lair:3:   nicolae_spider_entry_orb_guardian, kennysheep_snail_temple,
          grunt_megastairs_1
Lair:4:   small_statue_intersection
Lair:5:   portal_ice_cave_entry_pillars_1, infiniplex_staircase_pool_2,
          uniq_snorg
Lair:6:   hangedman_lair_tendril_chambers, slime_altar_2
Spider:3: spider_trap, uniq_donald, uniq_louise
Spider:4: grunt_spider_rune_parallel, worms_lemuel, uniq_bai_suzhen
Orc:1:    nicolae_orc_accident_1, serial_shops, nicolae_shop_behind_doors,
          nicolae_shop_window_shopping, nicolae_shop_trees,
          nicolae_shop_overgrown_old_shop, lightli_orcish_oven
Orc:2:    st_orc_pillars, special_room
Lab:      lab_hedge, labyrinth_lava_lair, nicolae_lab_blocks
IceCv:    ice_cave_statue_garden_teleport

Skill      XL: |  1  2  3  4  5  6  7  8  9 10 11 12 13 14 |
---------------+-------------------------------------------+-----
Axes           | 3 4 6 8 9 11 13 15 16 18 19 20 | 20.0
Armour         | 4 8 |  8.2
Fighting       | 7 10 | 10.6
Dodging        | 6 9 |  9.3

Action                   |  1- 3 |  4- 6 |  7- 9 | 10-12 | 13-15 || total
-------------------------+-------+-------+-------+-------+-------++-------
Melee: Hand axe          |    58 |       |       |       |       ||    58
       Headbutt          |     7 |    10 |    16 |    95 |   108 ||   236
       War axe           |     9 |    47 |   101 |   126 |       ||   283
       Battleaxe         |       |       |       |   411 |   477 ||   888
       Broad axe         |       |       |       |       |    57 ||    57
Invok: Berserk           |     3 |     2 |     6 |    15 |    14 ||    40
       Trog's Hand       |       |     3 |     5 |    21 |    25 ||    54
       Brothers in Arms  |       |       |       |       |     2 ||     2
Evoke: Wand              |       |       |     1 |    10 |     4 ||    15
  Use: Scroll            |       |       |     6 |    17 |     6 ||    29
       Potion            |       |       |       |       |     1 ||     1
 Stab: Paralysed         |       |       |     4 |     3 |       ||     7
       Distracted        |       |       |       |     1 |       ||     1
  Eat: Chunk             |     1 |     3 |     5 |    18 |    15 ||    42
       Bread ration      |       |       |     1 |     1 |     2 ||     4
       Meat ration       |       |       |       |     4 |     1 ||     5
       Pizza             |       |       |       |       |     2 ||     2
       Beef jerky        |       |       |       |       |     2 ||     2
Armor: Animal skin       |     8 |       |       |       |       ||     8
       Scale mail        |    12 |     7 |       |       |       ||    19
       Chain mail        |       |    23 |    24 |       |       ||    47
       Plate armour      |       |       |    39 |   244 |   312 ||   595
Dodge: Dodged            |    41 |    12 |    25 |   131 |   181 ||   390
